 Dungeon Sprint DCSS version 0.17.1-2-g5865329 (webtiles) character file.

8300000 hexophile the Axe Maniac (level 27, -54/174 HPs)
             Began as a Spriggan Warper on Jan 26, 2016.
             Was the Champion of Makhleb.
             Killed from afar by a wretched soul (66 damage)
             ... with a bolt of negative energy
             ... in the Dungeon (Sprint VIII: "Arena of Blood").
             The game lasted 00:02:12 (83 turns).

hexophile the Axe Maniac (Spriggan Warper)            Turns: 83, Time: 00:02:12

Health: -54/174    AC:  4    Str:  7    XL:     27
Magic:  20/55      EV: 44    Int: 17    God:    Makhleb [******]
Gold:   0          SH:  0    Dex: 26    Spells: 1 memorised, 79 levels left

rFire  . . .     SeeInvis +     f - +∞ Axe of Woe
rCold  . . .     Clarity  .     b - +0 robe
rNeg   . . .     SustAt   .     (shield currently unavailable)
rPois  .         Gourm    .     (helmet restricted)
rElec  .         Spirit   .     (no cloak)
rCorr  .         Warding  .     (gloves unavailable)
rMut   .         NoTele   +     (boots unavailable)
MR     ++++.                    (no amulet)
Stlth  ++++++++++               (no ring)
                                (no ring)

@: drained, very quick, incredibly resistant to hostile enchantments, uncannily
stealthy
A: unfitting armour, see invisible, herbivore 3, speed 3, slow metabolism 2
a: Minor Destruction, Lesser Servant of Makhleb, Major Destruction, Greater
Servant of Makhleb, Renounce Religion


You were in the Dungeon.
You worshipped Makhleb.
Makhleb was exalted by your worship.
You were not hungry.

You visited 1 branch


Innate Abilities, Weirdness & Mutations

You are tiny and cannot use many weapons and most armour.
You have supernaturally acute eyesight.
You are a herbivore.
You cover ground extremely quickly.
You need consume almost no food.

Inventory:

Hand Weapons
 f - the +∞ Axe of Woe (weapon)
   (You found it in the Dungeon)
Missiles
 e - 5 tomahawks of dispersal (quivered)
Armour
 b - a +0 robe (worn)
Scrolls
 d - 2 scrolls of blinking
Potions
 g - a potion of curing
 h - a potion of heal wounds
 i - a potion of haste
 j - 2 potions of magic
 k - a potion of berserk rage
Books
 c - a book of Spatial Translocations

   Spells                             Type                      Level
   a - Apportation                    Translocation                1
   b - Blink                          Translocation                2
   c - Shroud of Golubria             Charms/Translocation         2
   d - Portal Projectile              Translocation                3
   e - Teleport Other                 Translocation                3
   f - Passage of Golubria            Translocation                4
Comestibles
 r - a bread ration


You had 79 spell levels left.
You knew the following spells:

 Your Spells              Type           Power        Failure   Level  Hunger
z - Apportation           Tloc           #######...   0%          1    None


   Skills:
 O Level 27(25.5) Fighting
 O Level 27(25.5) Axes
 O Level 27(25.5) Throwing
 O Level 27(25.5) Armour
 O Level 27(25.5) Dodging
 O Level 27(25.5) Stealth
 O Level 27(25.5) Unarmed Combat
 O Level 27(25.5) Spellcasting
 O Level 27(25.5) Translocations
 O Level 27(25.5) Invocations

Dungeon Overview and Level Annotations

Branches:
Dungeon (1/1)

Altars:
Makhleb

Vault maps used:
D:        meatsprint
You       could see a meat beast (wandering), 3 eight-headed meat hydras, a
          destroyer, a large bag of meat (inner flame), 2 wretched souls, 3
          dreads, a meat berserker (berserk) and 2 bags of meat.


Message History

Unknown command.
Unknown command.
Unknown command.
A wretched soul comes into view.
You hear a shout! x7
Items here: )))))))) ======== †† Unknown command.
Unknown command. 2 hydras come into view.
You hear a shout! x4
The destroyer blinks!
The tyrant waves its bony arms in wide circles.
The air twists around and strikes you!
* * * LOW HITPOINT WARNING * * *
Items here: % )))))) ====== You lost 32 HP.
You have now: 16/174 HP.
Unknown command.
Unknown command.
Unknown command.
The eight-headed meat hydra roars!
You slice the tyrant!!
You butcher the tyrant messily.
You destroy the tyrant!
Makhleb accepts your kill.
You slash the accursed! You chop the accursed into pieces.
You destroy the accursed!
Makhleb accepts your kill.
You feel better.
You feel extremely nervous for a moment...
Your body is wracked with pain!
* * * LOW HITPOINT WARNING * * *
You slice the large abomination!!
You fatally mangle the large abomination.
You destroy the large abomination!
The large abomination disappears in a puff of smoke! x4
The eight-headed meat hydra calls on the powers of darkness!
The eight-headed meat hydra convulses!
Your body is wracked with pain!
* * * LOW HITPOINT WARNING * * *
You hear a shout! x2
The dread calls on the powers of darkness!
The bag of meat convulses!
The large bag of meat convulses!
The bag of meat convulses!
The meat berserker convulses!
Your body is wracked with pain!
* * * LOW HITPOINT WARNING * * *
You hear a shout!
The eight-headed meat hydra appears out of thin air!
An eight-headed meat hydra comes into view.
You hear a shout! x2
The wretched soul breathes negative energy at you.
The bolt of negative energy hits you!
You feel drained.
You die...

Action                   |  1- 3 |  4- 6 |  7- 9 | 10-12 | 13-15 | 16-18 | 19-21 | 22-24 | 25-27 || total
-------------------------+-------+-------+-------+-------+-------+-------+-------+-------+-------++-------
Melee: Broad axe         |     1 |       |       |     2 |     3 |     2 |     2 |     3 |    19 ||    32

Notes
Turn   | Place    | Note
--------------------------------------------------------------
     0 | D        | hexophile the Spriggan Warper began the quest for the Orb.
     0 | D        | Reached XP level 1. HP: 10/10 MP: 5/5
     3 | D        | Noticed a bag of meat
     3 | D        | Noticed a bag of meat
     3 | D        | Became a worshipper of Makhleb the Destroyer
     6 | D        | Noticed a bag of meat
     6 | D        | Noticed a bag of meat
    10 | D        | Killed a bag of meat
    10 | D        | Reached skill level 10 in Fighting
    10 | D        | Reached skill level 10 in Axes
    10 | D        | Reached skill level 12 in Throwing
    10 | D        | Reached skill level 16 in Dodging
    10 | D        | Reached skill level 14 in Spellcasting
    10 | D        | Reached skill level 16 in Translocations
    10 | D        | Reached XP level 2. HP: 12/25 MP: 5/18
    10 | D        | Reached XP level 3. HP: 13/29 MP: 5/20
    10 | D        | Reached XP level 4. HP: 14/33 MP: 5/21
    10 | D        | Reached XP level 5. HP: 15/37 MP: 5/23
    10 | D        | Reached XP level 6. HP: 17/42 MP: 5/24
    10 | D        | Reached XP level 7. HP: 18/46 MP: 5/26
    10 | D        | Reached XP level 8. HP: 19/51 MP: 5/27
    10 | D        | Reached XP level 9. HP: 20/55 MP: 5/28
    10 | D        | Reached XP level 10. HP: 21/60 MP: 5/29
    10 | D        | Reached XP level 11. HP: 22/64 MP: 5/30
    11 | D        | Noticed a bag of meat
    11 | D        | Noticed a meat berserker
    12 | D        | Noticed a bag of meat
    14 | D        | Noticed a meat berserker
    14 | D        | Noticed a bag of meat
    14 | D        | Noticed a bag of meat
    16 | D        | Killed a bag of meat
    16 | D        | Reached * piety under Makhleb
    16 | D        | Reached skill level 17 in Axes
    16 | D        | Reached XP level 12. HP: 24/68 MP: 5/31
    17 | D        | Noticed a bag of meat
    17 | D        | Noticed a bag of meat
    18 | D        | Killed a bag of meat
    18 | D        | Reached skill level 20 in Axes
    18 | D        | Reached XP level 13. HP: 72/72 MP: 6/32
    19 | D        | Noticed a meat berserker
    20 | D        | Noticed a bag of meat
    20 | D        | Noticed a bag of meat
    21 | D        | Noticed a bag of meat
    21 | D        | Noticed a bag of meat
    21 | D        | Noticed a bag of meat
    21 | D        | Noticed a bag of meat
    21 | D        | Noticed a meat berserker
    22 | D        | Noticed a destroyer
    22 | D        | Noticed a bag of meat
    22 | D        | Noticed a bag of meat
    22 | D        | Noticed a bag of meat
    23 | D        | Noticed a large bag of meat
    23 | D        | Noticed a bag of meat
    23 | D        | Noticed a meat berserker
    23 | D        | Noticed a meat berserker
    23 | D        | Noticed a meat berserker
    24 | D        | Noticed a bag of meat
    24 | D        | Noticed a bag of meat
    24 | D        | Noticed a bag of meat
    24 | D        | Noticed a bag of meat
    24 | D        | Noticed a bag of meat
    25 | D        | Noticed a meat berserker
    25 | D        | Noticed a large bag of meat
    25 | D        | Noticed a bag of meat
    25 | D        | Noticed a bag of meat
    26 | D        | Noticed a meat berserker
    26 | D        | Noticed a meat berserker
    26 | D        | Killed a bag of meat
    26 | D        | Reached ** piety under Makhleb
    26 | D        | Reached skill level 23 in Axes
    26 | D        | Reached XP level 14. HP: 77/77 MP: 7/33
    27 | D        | Noticed a meat berserker
    27 | D        | Killed a meat berserker
    27 | D        | Reached skill level 27 in Axes
    27 | D        | Reached skill level 1 in Stealth
    27 | D        | Reached XP level 15. HP: 81/81 MP: 7/34
    28 | D        | Noticed a bag of meat
    28 | D        | Noticed a large bag of meat
    28 | D        | Killed a meat berserker
    28 | D        | Reached *** piety under Makhleb
    28 | D        | Reached skill level 12 in Fighting
    28 | D        | Reached skill level 13 in Throwing
    28 | D        | Reached skill level 5 in Armour
    28 | D        | Reached skill level 18 in Dodging
    28 | D        | Reached skill level 11 in Stealth
    28 | D        | Reached skill level 5 in Unarmed Combat
    28 | D        | Reached skill level 16 in Spellcasting
    28 | D        | Reached skill level 18 in Translocations
    28 | D        | Reached skill level 7 in Invocations
    29 | D        | Noticed a bag of meat
    29 | D        | Noticed a bag of meat
    29 | D        | Noticed a bag of meat
    29 | D        | Killed a bag of meat
    29 | D        | Reached skill level 14 in Throwing
    29 | D        | Reached skill level 6 in Armour
    29 | D        | Reached skill level 19 in Dodging
    29 | D        | Reached skill level 13 in Stealth
    29 | D        | Reached skill level 7 in Unarmed Combat
    29 | D        | Reached skill level 17 in Spellcasting
    29 | D        | Reached skill level 19 in Translocations
    29 | D        | Reached skill level 8 in Invocations
    29 | D        | Reached XP level 16. HP: 86/90 MP: 7/38
    30 | D        | Noticed a bag of meat
    30 | D        | Noticed a bag of meat
    30 | D        | Killed a meat berserker
    30 | D        | Reached skill level 13 in Fighting
    30 | D        | Reached skill level 15 in Throwing
    30 | D        | Reached skill level 8 in Armour
    30 | D        | Reached skill level 21 in Dodging
    30 | D        | Reached skill level 16 in Stealth
    30 | D        | Reached skill level 9 in Unarmed Combat
    30 | D        | Reached skill level 18 in Spellcasting
    30 | D        | Reached skill level 21 in Translocations
    30 | D        | Reached skill level 11 in Invocations
    30 | D        | Killed a bag of meat
    30 | D        | Reached **** piety under Makhleb
    30 | D        | Reached skill level 14 in Fighting
    30 | D        | Reached skill level 16 in Throwing
    30 | D        | Reached skill level 9 in Armour
    30 | D        | Reached skill level 22 in Dodging
    30 | D        | Reached skill level 17 in Stealth
    30 | D        | Reached skill level 10 in Unarmed Combat
    30 | D        | Reached skill level 19 in Spellcasting
    30 | D        | Reached skill level 22 in Translocations
    30 | D        | Reached skill level 12 in Invocations
    30 | D        | Reached XP level 17. HP: 95/97 MP: 8/41
    30 | D        | Killed a bag of meat
    30 | D        | Reached skill level 17 in Throwing
    30 | D        | Reached skill level 10 in Armour
    30 | D        | Reached skill level 18 in Stealth
    30 | D        | Reached skill level 11 in Unarmed Combat
    30 | D        | Reached skill level 13 in Invocations
    31 | D        | Noticed a large bag of meat
    31 | D        | Noticed a bag of meat
    31 | D        | Noticed a bag of meat
    31 | D        | Killed a bag of meat
    31 | D        | Reached ***** piety under Makhleb
    31 | D        | Reached skill level 15 in Fighting
    31 | D        | Reached skill level 23 in Dodging
    31 | D        | Reached skill level 19 in Stealth
    31 | D        | Reached skill level 20 in Spellcasting
    31 | D        | Reached skill level 23 in Translocations
    31 | D        | Killed a bag of meat
    31 | D        | Reached skill level 18 in Throwing
    31 | D        | Reached skill level 11 in Armour
    31 | D        | Reached skill level 24 in Dodging
    31 | D        | Reached skill level 20 in Stealth
    31 | D        | Reached skill level 12 in Unarmed Combat
    31 | D        | Reached skill level 24 in Translocations
    31 | D        | Reached skill level 14 in Invocations
    32 | D        | Noticed a bag of meat
    32 | D        | Noticed a bag of meat
    32 | D        | Noticed a destroyer
    32 | D        | Noticed a meat berserker
    32 | D        | Killed a meat berserker
    32 | D        | Reached skill level 16 in Fighting
    32 | D        | Reached skill level 19 in Throwing
    32 | D        | Reached skill level 12 in Armour
    32 | D        | Reached skill level 25 in Dodging
    32 | D        | Reached skill level 22 in Stealth
    32 | D        | Reached skill level 13 in Unarmed Combat
    32 | D        | Reached skill level 22 in Spellcasting
    32 | D        | Reached skill level 25 in Translocations
    32 | D        | Reached skill level 15 in Invocations
    32 | D        | Reached XP level 18. HP: 104/107 MP: 8/45
    32 | D        | Killed a bag of meat
    32 | D        | Reached skill level 13 in Armour
    32 | D        | Reached skill level 23 in Stealth
    32 | D        | Reached skill level 14 in Unarmed Combat
    32 | D        | Reached skill level 16 in Invocations
    32 | D        | Killed a bag of meat
    32 | D        | Reached skill level 17 in Fighting
    32 | D        | Reached skill level 26 in Dodging
    32 | D        | Reached skill level 24 in Stealth
    32 | D        | Reached skill level 26 in Translocations
    32 | D        | Killed a meat berserker
    32 | D        | Reached ****** piety under Makhleb
    32 | D        | Reached skill level 18 in Fighting
    32 | D        | Reached skill level 20 in Throwing
    32 | D        | Reached skill level 14 in Armour
    32 | D        | Reached skill level 27 in Dodging
    32 | D        | Reached skill level 25 in Stealth
    32 | D        | Reached skill level 15 in Unarmed Combat
    32 | D        | Reached skill level 23 in Spellcasting
    32 | D        | Reached skill level 27 in Translocations
    32 | D        | Reached skill level 18 in Invocations
    32 | D        | Reached XP level 19. HP: 112/114 MP: 8/47
    32 | D        | Killed a meat berserker
    32 | D        | Reached skill level 21 in Throwing
    32 | D        | Reached skill level 15 in Armour
    32 | D        | Reached skill level 27 in Stealth
    32 | D        | Reached skill level 16 in Unarmed Combat
    32 | D        | Reached skill level 25 in Spellcasting
    32 | D        | Reached skill level 19 in Invocations
    33 | D        | Killed a meat berserker
    33 | D        | Reached skill level 19 in Fighting
    33 | D        | Reached skill level 22 in Throwing
    33 | D        | Reached skill level 16 in Armour
    33 | D        | Reached skill level 17 in Unarmed Combat
    33 | D        | Reached skill level 26 in Spellcasting
    33 | D        | Reached skill level 20 in Invocations
    33 | D        | Killed a bag of meat
    33 | D        | Reached skill level 20 in Fighting
    33 | D        | Reached skill level 23 in Throwing
    33 | D        | Reached skill level 17 in Armour
    33 | D        | Reached skill level 18 in Unarmed Combat
    33 | D        | Reached skill level 21 in Invocations
    33 | D        | Reached XP level 20. HP: 54/123 MP: 8/51
    33 | D        | Killed a meat berserker
    33 | D        | Reached skill level 21 in Fighting
    33 | D        | Reached skill level 24 in Throwing
    33 | D        | Reached skill level 18 in Armour
    33 | D        | Reached skill level 19 in Unarmed Combat
    33 | D        | Reached skill level 27 in Spellcasting
    33 | D        | Reached skill level 22 in Invocations
    33 | D        | Killed a meat berserker
    33 | D        | Reached skill level 22 in Fighting
    33 | D        | Reached skill level 25 in Throwing
    33 | D        | Reached skill level 19 in Armour
    33 | D        | Reached skill level 20 in Unarmed Combat
    33 | D        | Reached skill level 23 in Invocations
    33 | D        | Killed a bag of meat
    33 | D        | Reached skill level 26 in Throwing
    33 | D        | Reached skill level 21 in Unarmed Combat
    33 | D        | Reached skill level 24 in Invocations
    33 | D        | Reached XP level 21. HP: 131/133 MP: 8/53
    33 | D        | Killed a bag of meat
    33 | D        | Reached skill level 23 in Fighting
    33 | D        | Reached skill level 20 in Armour
    33 | D        | Noticed a bag of meat
    34 | D        | Noticed a destroyer
    34 | D        | Noticed a bag of meat
    34 | D        | Noticed a destroyer
    34 | D        | Killed a destroyer
    34 | D        | Reached skill level 24 in Fighting
    34 | D        | Reached skill level 27 in Throwing
    34 | D        | Reached skill level 21 in Armour
    34 | D        | Reached skill level 22 in Unarmed Combat
    34 | D        | Reached skill level 26 in Invocations
    34 | D        | Killed a bag of meat
    34 | D        | Reached skill level 23 in Unarmed Combat
    34 | D        | Killed a bag of meat
    34 | D        | Reached skill level 25 in Fighting
    34 | D        | Reached skill level 22 in Armour
    34 | D        | Reached skill level 27 in Invocations
    34 | D        | Killed a bag of meat
    34 | D        | Reached skill level 23 in Armour
    34 | D        | Reached skill level 24 in Unarmed Combat
    34 | D        | Reached XP level 22. HP: 142/145 MP: 8/54
    35 | D        | Noticed a meat berserker
    35 | D        | Killed a destroyer
    35 | D        | Reached skill level 27 in Fighting
    35 | D        | Reached skill level 24 in Armour
    35 | D        | Reached skill level 26 in Unarmed Combat
    35 | D        | Killed a large bag of meat
    35 | D        | Reached skill level 25 in Armour
    35 | D        | Reached skill level 27 in Unarmed Combat
    35 | D        | Killed a bag of meat
    35 | D        | Reached skill level 26 in Armour
    35 | D        | Killed a bag of meat
    35 | D        | Reached skill level 27 in Armour
    36 | D        | Killed a destroyer
    36 | D        | Reached XP level 23. HP: 153/153 MP: 9/55
    36 | D        | Killed a bag of meat
    36 | D        | Killed a meat berserker
    36 | D        | Killed a destroyer
    37 | D        | Killed a large bag of meat
    37 | D        | Killed a meat berserker
    37 | D        | Reached XP level 24. HP: 158/158 MP: 9/55
    37 | D        | Killed a bag of meat
    37 | D        | Killed a large bag of meat
    37 | D        | Killed a bag of meat
    38 | D        | Noticed a bag of meat
    38 | D        | Noticed a bag of meat
    38 | D        | Noticed a bag of meat
    38 | D        | Killed a bag of meat
    38 | D        | Killed a bag of meat
    38 | D        | Killed a bag of meat
    38 | D        | Killed a meat berserker
    39 | D        | Noticed a destroyer
    40 | D        | Noticed a bag of meat
    40 | D        | Noticed a bag of meat
    40 | D        | Noticed a large bag of meat
    40 | D        | Noticed a bag of meat
    41 | D        | Noticed a sculptor of flesh
    41 | D        | Noticed a destroyer
    41 | D        | Killed a meat berserker
    41 | D        | Reached XP level 25. HP: 163/163 MP: 10/55
    41 | D        | Killed a destroyer
    41 | D        | Killed a bag of meat
    42 | D        | Noticed a destroyer
    42 | D        | Noticed a destroyer
    42 | D        | Killed a bag of meat
    42 | D        | Killed a bag of meat
    42 | D        | Killed a bag of meat
    42 | D        | Killed a bag of meat
    42 | D        | Reached XP level 26. HP: 169/169 MP: 10/55
    42 | D        | Killed a bag of meat
    43 | D        | Noticed a bag of meat
    43 | D        | Noticed a bag of meat
    43 | D        | Noticed a bag of meat
    43 | D        | Noticed a bag of meat
    44 | D        | Noticed a bag of meat
    44 | D        | Noticed a sculptor of flesh
    44 | D        | Noticed a bag of meat
    44 | D        | Noticed a bag of meat
    45 | D        | Noticed a destroyer
    45 | D        | Noticed a bag of meat
    45 | D        | Killed a bag of meat
    46 | D        | Noticed a bag of meat
    46 | D        | Killed a bag of meat
    46 | D        | Killed a bag of meat
    46 | D        | Killed a bag of meat
    46 | D        | Killed a large bag of meat
    47 | D        | Noticed a large bag of meat
    47 | D        | Killed a bag of meat
    47 | D        | Killed a bag of meat
    48 | D        | Noticed a sculptor of flesh
    48 | D        | Noticed a bag of meat
    48 | D        | Killed a bag of meat
    48 | D        | Killed a destroyer
    48 | D        | Reached XP level 27. HP: 174/174 MP: 12/55
    48 | D        | Killed a large bag of meat
    49 | D        | Noticed a meat berserker
    49 | D        | Noticed a meat berserker
    49 | D        | Noticed a destroyer
    49 | D        | Noticed a tyrant
    49 | D        | Killed a bag of meat
    49 | D        | Killed a bag of meat
    49 | D        | Killed a bag of meat
    49 | D        | Killed a bag of meat
    50 | D        | Killed a destroyer
    50 | D        | Killed a bag of meat
    50 | D        | Killed a destroyer
    50 | D        | Killed a bag of meat
    51 | D        | Killed a bag of meat
    51 | D        | Killed a bag of meat
    51 | D        | Killed a bag of meat
    51 | D        | Killed a sculptor of flesh
    51 | D        | Killed a bag of meat
    52 | D        | Killed a destroyer
    53 | D        | Noticed a bag of meat
    53 | D        | Killed a bag of meat
    53 | D        | Killed a bag of meat
    54 | D        | Killed a meat berserker
    55 | D        | Killed a bag of meat
    56 | D        | Killed a meat berserker
    56 | D        | Killed a destroyer
    57 | D        | Noticed a meat berserker
    57 | D        | Killed a bag of meat
    58 | D        | Killed a bag of meat
    58 | D        | Killed a bag of meat
    58 | D        | Killed a bag of meat
    60 | D        | Noticed a tyrant
    60 | D        | Noticed a bag of meat
    60 | D        | Killed a large bag of meat
    60 | D        | Killed a sculptor of flesh
    61 | D        | Noticed an accursed
    61 | D        | Killed a sculptor of flesh
    62 | D        | Noticed a meat berserker
    62 | D        | Noticed a tyrant
    62 | D        | Noticed a meat berserker
    62 | D        | Killed a bag of meat
    63 | D        | Killed a tyrant
    63 | D        | Killed a meat berserker
    64 | D        | Noticed a bag of meat
    65 | D        | Noticed a tyrant
    65 | D        | Noticed a meat berserker
    66 | D        | Noticed a bag of meat
    69 | D        | Noticed a meat beast
    69 | D        | Noticed a dread
    69 | D        | Noticed a tyrant
    70 | D        | Noticed a destroyer
    70 | D        | Noticed a large bag of meat
    71 | D        | Killed a meat berserker
    72 | D        | Noticed a dread
    72 | D        | Noticed a meat berserker
    72 | D        | Killed a bag of meat
    72 | D        | Killed a meat beast
    73 | D        | Noticed a bag of meat
    74 | D        | Noticed a bag of meat
    75 | D        | Killed a bag of meat
    76 | D        | Killed a tyrant
    76 | D        | HP: 3/174 [tyrant/the air (45)]
    77 | D        | Noticed a dread
    77 | D        | Killed a meat berserker
    78 | D        | Noticed a meat berserker
    78 | D        | Killed a tyrant
    80 | D        | Noticed a wretched soul
    80 | D        | Killed a tyrant
    80 | D        | Killed a meat berserker
    80 | D        | Killed a meat berserker
    81 | D        | Noticed a wretched soul
    83 | D        | Killed a tyrant
    83 | D        | Killed an accursed
    83 | D        | Killed from afar by a wretched soul

Table legend:
 A = Turns spent in this place as a percentage of turns spent in the entire game.
 B = Non-inter-level travel turns spent in this place as a percentage of non-inter-level travel turns spent in the entire game.
 C = Inter-level travel turns spent in this place as a percentage of turns spent in this place.
 D = Turns resting spent in this place as a percentage of non-inter-level travel turns spent in this place.
 E = Turns spent auto-exploring this place as a percentage of non-inter-level travel turns spent in this place.
 F = Non-inter-level travel turns spent in this place divided by the number of levels of this place that you've seen.
                   A       B       C       D       E      F
               +-------+-------+-------+-------+-------+----------------------
         Total | 100.0 | 100.0 |   0.0 |   0.0 |   0.0 | 188.0
       Dungeon | 100.0 | 100.0 |   0.0 |   0.0 |   0.0 | 188.0
               +-------+-------+-------+-------+-------+----------------------

Table legend:
 A = Kills in this place as a percentage of kills in entire the game.
 B = Kills by you in this place as a percentage of kills by you in the entire game.
 C = Kills by friends in this place as a percentage of kills by friends in the entire game.
 D = Other kills in this place as a percentage of other kills in the entire game.
 E = Experience gained in this place as a percentage of experience gained in the entire game.
 F = Experience gained in this place divided by the number of levels of this place that you have seen.
                   A       B       C       D       E      F
               +-------+-------+-------+-------+-------+----------------------
         Total | 100.0 | 100.0 |  -nan |  -nan | 100.0 | 2720092.0
       Dungeon | 100.0 | 100.0 |  -nan |  -nan | 100.0 | 2720092.0
               +-------+-------+-------+-------+-------+----------------------

Vanquished Creatures
  A hell beast (D)
  A greater mummy (D)
  10 vampire knights (D)
  20 ogres (D)
  5 liches (D)
  58 orcs (D)
  6 hill giants (D)
  3 skeletal warriors (D)
  9 large abominations (D)
  3 crawling corpses (D)
116 creatures vanquished.

Vanquished Creatures (others)
  5 crawling corpses (D)
5 creatures vanquished.

Grand Total: 121 creatures vanquished
